 Dungeon Crawl Stone Soup version 0.22.1-2-g9c5b331 (webtiles) character file.

354 brandon the Magician (level 6, -1/32 HPs)
             Began as a Deep Elf Fire Elementalist on Nov 22, 2018.
             Slain by a centaur (9 damage)
             ... on level 6 of the Dungeon.
             The game lasted 00:04:38 (2301 turns).

brandon the Magician (Deep Elf Fire Elementalist)   Turns: 2301, Time: 00:04:39

Health: -1/32      AC:  3    Str:  5    XL:     6   Next: 35%
Magic:  11/15      EV: 13    Int: 22    God:
Gold:   113        SH:  0    Dex: 15    Spells: 5/15 levels left

rFire    . . .     SeeInvis .   b - +0 dagger
rCold    . . .     Gourm    .   (no shield)
rNeg     . . .     Faith    .   a - +0 robe
rPois    .         Spirit   .   (no helmet)
rElec    .         Reflect  .   (no cloak)
rCorr    .         Harm     .   l - +0 pair of gloves
MR       .....                  (no boots)
Stlth    ++........             (no amulet)
HPRegen  0.10/turn              (no ring)
MPRegen  0.14/turn              (no ring)

@: no status effects
A: no striking features
a: no special abilities


You were on level 6 of the Dungeon.
You were near starving.

You visited 1 branch of the dungeon, and saw 5 of its levels.

You collected 113 gold pieces.

Inventory:

Hand Weapons
 b - a +0 dagger (weapon)
Armour
 a - a +0 robe (worn)
 l - a +0 pair of gloves (worn)
Scrolls
 d - 6 scrolls of remove curse {unknown}
 f - 2 scrolls of teleportation {unknown}
 g - 2 scrolls of magic mapping {unknown}
 h - 3 scrolls of identify {unknown}
 i - a scroll of enchant weapon {unknown}
 j - a scroll of amnesia {unknown}
 k - a scroll of blinking {unknown}
Potions
 e - a potion of resistance {unknown}
 m - a potion of agility {unknown}
 n - a potion of curing {unknown}
Comestibles
 c - 8 rations


   Skills:
 - Level 2.4 Dodging
 - Level 2.4 Stealth
 + Level 5.2 Spellcasting
 * Level 5.1 Conjurations
 + Level 4.8 Fire Magic


You had 5 spell levels left.
You knew the following spells:

 Your Spells              Type           Power        Failure   Level  Hunger
a - Flame Tongue          Conj/Fire      ####.        1%          1    None
b - Throw Flame           Conj/Fire      ####..       1%          2    None
c - Conjure Flame         Conj/Fire      ####....     3%          3    ##.....
d - Sticky Flame          Conj/Fire      ####....     13%         4    ####...

Your spell library contained the following spells:

 Spells                   Type           Power        Failure   Level  Hunger
 Inner Flame              Hex/Fire       ###.....     11%         3    ##.....
 Fireball                 Conj/Fire      ####......   34%         5    #####..


Dungeon Overview and Level Annotations

Branches:
Dungeon (6/15)
 Temple: D:4-7

Altars:
Gozag

Annotations:
D:5 Eustachio


Message History

You can't go down here!
You climb upwards.
Eustachio shouts!
The centaur shouts!
You hear an angry hiss. x2
There is a stone staircase leading down here.
The centaur barely misses you.
You climb downwards.
You hear the sound of rushing water.
There is an entrance to a sewer on this level.
Hurry and find it before the
There is a stone staircase leading up here.
Casting: Flame Tongue (safe; 1% risk of failure)
Confirm with . or Enter, or press ? or * to list all spells.
Aiming: Sticky Flame (safe; 13% risk of failure)
Press: ? - help, Shift-Dir - straight line, f - centaur
Aim: a centaur The sticky flame hits the centaur.
The centaur is moderately wounded.
The centaur is covered in liquid flames!
You are near starving!
The centaur burns!
The centaur hits you!
You die...

# #5... # #.#.# .# #
#.### .# #
######ยง..#####.# #
#.[.....5......### #
#.######.####....
#######.# #.# #..#
.......5######.####..#
######.........c@....#
##.#####.#####..# #.#
#.#####..# #.#
#........# #.#
#######.##
#.###########.#
#.....5.......#
###############


You could see a centaur (burning).

Vanquished Creatures
  2 ogres
  A bullfrog skeleton (D:6)
  2 orc wizards
  2 worker ants (D:6)
  A shadow imp (D:6)
  An ooze (D:2)
  2 dart slugs (D:1)
  2 leopard geckos
  4 orcs
  7 bats
  2 giant cockroaches
  4 goblins
  3 hobgoblins (D:2)
  4 jackals (D:6)
  3 frilled lizards
  3 kobolds
  5 rats
48 creatures vanquished.

Notes
Turn   | Place    | Note
-------+----------+-------------------------------------------
     0 | D:1      | brandon the Deep Elf Fire Elementalist began the quest for
                  | the Orb.
     0 | D:1      | Reached XP level 1. HP: 10/10 MP: 6/6
   201 | D:1      | Reached XP level 2. HP: 15/15 MP: 1/8
   985 | D:2      | Found an opulent altar of Gozag.
  1028 | D:2      | Noticed an ogre
  1043 | D:2      | Killed an ogre
  1043 | D:2      | Reached XP level 3. HP: 19/19 MP: 3/10
  1043 | D:2      | Reached XP level 4. HP: 24/24 MP: 3/12
  1117 | D:2      | Learned a level 2 spell: Throw Flame
  1121 | D:2      | Learned a level 3 spell: Conjure Flame
  1126 | D:2      | Learned a level 4 spell: Sticky Flame
  1673 | D:3      | Reached XP level 5. HP: 28/28 MP: 3/13
  1784 | D:3      | You fall through a shaft for 3 floors!
  2005 | D:6      | Noticed an ogre
  2018 | D:6      | Killed an ogre
  2018 | D:6      | Reached skill level 5 in Spellcasting
  2018 | D:6      | Reached skill level 5 in Conjurations
  2018 | D:6      | Reached XP level 6. HP: 7/32 MP: 3/15
  2298 | D:5      | Entered Level 5 of the Dungeon
  2298 | D:5      | Noticed Eustachio
  2301 | D:6      | Slain by a centaur

Skill      XL: |  1  2  3  4  5 |
---------------+----------------+-----
Conjurations   | 3 5 |  5.1
Spellcasting   | 4 5 |  5.2
Fire Magic     | 4 |  4.8
Dodging        | |  2.4
Stealth        | |  2.4

Action                   |  1- 3 |  4- 6 || total
-------------------------+-------+-------++-------
Melee: Unarmed           |       |    15 ||    15
       Dagger            |       |    41 ||    41
 Cast: Flame Tongue      |    35 |    54 ||    89
       Sticky Flame      |       |     3 ||     3
       Conjure Flame     |       |     1 ||     1
  Eat: Chunk             |       |     3 ||     3
Armor: Robe              |     3 |    21 ||    24
Dodge: Dodged            |     7 |    56 ||    63
